 Dungeon Crawl Stone Soup version 0.19-a0-1468-ge013c26 (webtiles) character file.

678312 RonnieColeman the Pyromancer (level 27, -5/160 HPs)
             Began as a Deep Elf Conjurer on Sept 6, 2016.
             Was the Champion of Vehumet.
             Slain by a soul eater (10 damage)
             ... on level 1 of the Crypt on Sept 7, 2016.
             The game lasted 07:56:41 (64824 turns).

RonnieColeman the Pyromancer (Deep Elf Conjurer)   Turns: 64824, Time: 07:56:42

Health: -5/160     AC: 23    Str: 25    XL:     27
Magic:  62/62      EV: 19    Int: 48    God:    Vehumet [******]
Gold:   4498       SH:  9    Dex: 19    Spells: 11 memorised, 23 levels left

rFire  + + +     SeeInvis +     H - +7 long sword of Dawn {elec, *Rage Str+5 Int+5}
rCold  . . .     Gourm    .     X - +4 ring mail of the Trees {rPois rC- rN++ Int+5}
rNeg   + + .     Faith    .     t - +3 buckler {rF+}
rPois  +         Spirit   .     u - +2 hat {SInv}
rElec  .         Dismiss  .     D - +2 cloak {rPois}
rCorr  .         Reflect  .     A - +2 pair of gloves {Str+3}
MR     +++..     Harm     .     a - +1 pair of boots
Stlth  ++++++.... Rnd*Rage +    w - amulet of Roenucam {rF+ Regen+ Int+4 Dex+4}
                                Z - ring of Apeyng {rC+ Str+6}
                                q - ring "Wesuihoc" {MP+9 Str+3}

@: mighty, exhausted, very slightly contaminated, hasted and slowed, silenced,
repel missiles, drained
A: fire resistance 1, magic resistance 1, weak 1
a: Renounce Religion
}: 5/15 runes: barnacled, slimy, silver, abyssal, gossamer


You were on level 1 of the Crypt.
You worshipped Vehumet.
Vehumet was exalted by your worship.
You were very hungry.

You visited 11 branches of the dungeon, and saw 51 of its levels.
You visited the Abyss 1 time.
You also visited: Ice Cave.

You collected 5995 gold pieces.
You spent 1497 gold pieces at shops.

Inventory:

Hand Weapons
 H - the +7 long sword of Dawn (weapon) {elec, *Rage Str+5 Int+5}
   (You found it on level 5 of the Vaults)

   Occasionally, upon striking a foe, it will discharge some electrical energy
   and cause terrible harm.
   It affects your strength (+5).
   It affects your intelligence (+5).
   It may make you go berserk in combat.
Armour
 a - a +1 pair of boots (worn)
 t - a +3 buckler of fire resistance (worn)
 u - a +2 hat of see invisible (worn)
 A - a +2 pair of gloves of strength (worn)
 D - a +2 cloak of poison resistance (worn)
 X - the +4 ring mail of the Trees (worn) {rPois rC- rN++ Int+5}
   (You found it on level 5 of the Vaults)

   It affects your intelligence (+5).
   It makes you vulnerable to cold.
   It protects you from poison.
   It greatly protects you from negative energy.
Jewellery
 q - the ring "Wesuihoc" (left hand) {MP+9 Str+3}
   (You took it off a deep elf annihilator on level 3 of the Elven Halls)

   [ring of magical power]

   It affects your strength (+3).
   It affects your magic capacity (+9).
 w - the amulet of Roenucam (around neck) {rF+ Regen+ Int+4 Dex+4}
   (You found it on level 4 of the Shoals)

   [amulet of regeneration]

   It affects your intelligence (+4).
   It affects your dexterity (+4).
   It protects you from fire.
   It increases your rate of regeneration.
 Z - the ring of Apeyng (right hand) {rC+ Str+6}
   (You found it on level 5 of the Vaults)

   [ring of protection from cold]

   It affects your strength (+6).
   It protects you from cold.
Wands
 s - a wand of heal wounds (6/9)
 y - a wand of digging (12/24)
 L - a wand of hasting (8/9)
 M - a wand of teleportation (6/9)
Scrolls
 b - a scroll of identify
 d - 23 scrolls of remove curse
 g - a scroll of enchant weapon
 i - 2 scrolls of recharging
 k - 7 scrolls of magic mapping
 v - 11 scrolls of fog
 C - 2 scrolls of blinking
 N - 5 scrolls of summoning
 O - 10 scrolls of teleportation
Potions
 e - 14 potions of flight
 f - 2 potions of resistance
 h - 4 potions of agility
 l - 22 potions of curing
 m - a potion of ambrosia
 z - 4 potions of heal wounds
 F - 2 potions of cancellation
 G - 6 potions of brilliance
 P - a potion of might
 Q - a potion of haste
 V - 2 potions of magic
Comestibles
 c - 31 bread rations
 j - 16 meat rations
 n - a chunk of flesh
 o - 44 fruits
 B - 30 royal jellies
 E - 5 beef jerkies
 J - a slice of pizza


   Skills:
 * Level 13.0(12.5) Fighting
 + Level 11.4(11.0) Armour
 - Level 10.9(10.5) Dodging
 - Level 17.6(17.1) Stealth
 - Level 5.0(4.6) Shields
 + Level 24.5(23.9) Spellcasting
 - Level 22.5(21.9) Conjurations
 - Level 11.4(10.9) Charms
 - Level 19.9(19.3) Necromancy
 - Level 13.0(12.6) Transmutations
 * Level 25.4(24.8) Fire Magic


You had 23 spell levels left.
You knew the following spells:

 Your Spells              Type           Power        Failure   Level  Hunger
a - Fire Storm            Conj/Fire      ########..   1%          9    None
b - Iskenderun's Battles  Conj/Chrm      ########     0%          5    None
c - Iskenderun's Mystic   Conj           ########     0%          4    None
d - Fireball              Conj/Fire      ########..   0%          5    None
e - Iron Shot             Conj/Erth      ########..   1%          6    None
f - Delayed Fireball      Conj/Fire      N/A          1%          7    None
g - Repel Missiles        Chrm/Air       ######       1%          2    None
h - Bolt of Fire          Conj/Fire      ########..   0%          6    None
m - Sublimation of Blood  Necr           ########..   0%          2    None
n - Regeneration          Chrm/Necr      ########..   0%          3    None
q - Necromutation         Tmut/Necr      ########..   3%          8    None


Dungeon Overview and Level Annotations

Branches:
Dungeon (15/15)            Temple (1/1) D:6            Lair (6/6) D:9
 Shoals (4/4) Lair:2       Spider (4/4) Lair:4        Slime (5/5) Lair:5
    Orc (2/2) D:9             Elf (3/3) Orc:2        Vaults (5/5) D:13
  Crypt (1/3) Vaults:2     Depths (5/5) D:15            Zot (0/5) Depths:5

Altars:
Ashenzari
Cheibriados
Dithmenos
Elyvilon
Fedhas
Gozag
Hepliaklqana
Kikubaaqudgha
Makhleb
Nemelex Xobeh
Okawaru
Qazlal
Ru
Sif Muna
Trog
Uskayaw
Vehumet
Xom
Yredelemnul
Zin
The Shining One
Beogh
Jiyva

Shops:
D:6 (   D:9 [(   D:13 (   D:14 *   Orc:2 *:[(   Elf:3 %   Vaults:2 [
Depths:2 }   Depths:3 *

Portals:
Hell: Depths:1 Depths:2 Depths:3 Depths:4 Depths:5
Abyss: Depths:1 Depths:4
Pandemonium: Depths:1 Depths:3
Ziggurat: Depths:2
Trove: D:13 (give 7 scrolls of blinking)

Annotations:
Depths:2 8 runed doors


Innate Abilities, Weirdness & Mutations

Your flesh is heat resistant. (rF+)
You are resistant to hostile enchantments. (MR+)
You are weak. (Str -2)


Message History

You partially resist.
You feel drained. The soul eater misses you.
The flying skull barely misses you.
You feel much better.
The soul eater draws from the surrounding life force!
* * * LOW HITPOINT WARNING * * *
The wraith hits you but does no damage. The flying skull closely misses you.
You riposte.
You barely miss the flying skull.
The flying skull is lightly damaged.
The soul eater hits you!
* * * LOW HITPOINT WARNING * * *
The curse skull calls on the powers of darkness!
You feel a surge of unholy energy.
You barely miss the soul eater.
The flying skull hits you but does no damage.
The hungry ghost looks angry.
The wraith barely misses you.
The soul eater hits you but does no damage.
You block the soul eater's attack. The flying skull completely misses you.
The soul eater hits you!
You die...

##########'#######
#p #.L#.e#.# .#
#######.# # #W#...#
#####.# #K.#.# #
#..#.# #
..##########'######
....)W3@WW........3#
......zz3n.........#
#######WV###########
# #..#Z.#..#K.# q#
#. #..#:p#..# # ##
#..####### ####


You could see 2 soul eaters, a curse skull, a hungry ghost, a vampire, 2
wraiths, a necrophage, a shadow (invisible), a flying skull and an anaconda
zombie.

Vanquished Creatures
  the Royal Jelly (Slime:5)
  4 ancient liches
  Mennas (Vaults:3)
  Sojobo (Vaults:4)
  2 greater mummies (Depths:3)
  Boris (Vaults:4)
  Bai Suzhen (Depths:3)
  7 golden dragons
  Nikola (Depths:2)
  2 bone dragons
  2 profane servitors (Abyss:3)
  the Enchantress (Depths:2)
  Arachne (Spider:2)
  Jorgrun (Elf:3)
  7 liches
  2 hellephants (Abyss:3)
  5 tentacled monstrosities
  Asterion (Spider:2)
  A deep elf master archer (Elf:3)
  4 titans (Vaults:5)
  A deep elf blademaster (Elf:3)
  Frances (D:14)
  21 acid blobs
  16 tentacled starspawn (Abyss:3)
  An Executioner (Abyss:3)
  2 krakens
  Polyphemus (Shoals:2)
  6 shadow dragons
  7 storm dragons
  An ancient champion (Crypt:1)
  Ilsuiw (Shoals:4)
  3 sphinxes
  Roxanne (D:15)
  Donald (Shoals:2)
  8 tengu reavers
  5 frost giants
  8 azure jellies
  2 orc warlords
  6 fire giants
  7 ghost moths
  2 balrugs
  An iron dragon (Depths:4)
  A ghost moth (shapeshifter) (Depths:1)
  14 vault wardens
  Louise (Spider:4)
  6 deep elf elementalists
  A draconian scorcher (Depths:5)
  5 deep elf sorcerers
  A caustic shrike zombie (Depths:4)
  A juggernaut zombie (Depths:4)
  3 emperor scorpions
  A curse skull (Crypt:1)
  An angel (Abyss:3)
  A juggernaut skeleton (Depths:4)
  2 caustic shrike skeletons
  14 ironheart preservers
  The ghost of PurpleRed the Devastator, a journeyman DECj of Vehumet (Elf:3)
  3 draconian annihilators
  5 spriggan defenders
  2 war gargoyles (Vaults:5)
  3 deep elf demonologists
  A black draconian (Depths:5)
  A draconian caller (Depths:5)
  18 very ugly things
  An ophan (Abyss:2)
  4 entropy weavers
  10 spark wasps
  14 stone giants
  2 ghouls (Crypt:1)
  Azrael (Spider:2)
  A lorocyproca (Depths:3)
  A green draconian (Depths:5)
  A yellow draconian (Abyss:3)
  14 deep elf annihilators
  A red draconian (Depths:5)
  2 green deaths (Abyss:3)
  3 mottled draconians (Depths:5)
  22 ettins
  7 jiangshi
  Snorg (Orc:2)
  2 blizzard demons (Abyss:3)
  6 deep elf death magi
  2 eidola
  2 mummy priests (Depths:3)
  10 merfolk impalers
  Josephine (D:15)
  A minotaur (Shoals:1)
  10 death oozes
  10 great orbs of eyes
  14 ogre magi
  A quicksilver dragon zombie (Depths:4)
  9 merfolk javelineers
  34 vault guards
  8 deep elf high priests
  12 rakshasas
  5 fire dragons
  13 yaktaur captains
  Harold (Orc:1)
  8 ice dragons
  11 hydras
  The ghost of plsesad the Cruncher, a journeyman FoFi of Gozag (D:13)
  4 merfolk avatars
  10 centaur warriors
  2 spriggan air magi
  Erica (Orc:1)
  An anaconda (shapeshifter) (Vaults:5)
  A catoblepas (Shoals:2)
  6 merfolk aquamancers
  The ghost of Ryco the Cleaver, a novice MiFi of Okawaru (D:11)
  32 dancing weapons
  5 death knights
  7 deep troll shamans
  5 satyrs
  2 alligator snapping turtles
  2 death yaks
  7 deep troll earth magi
  10 tengu warriors
  A hell hog (Abyss:3)
  An orc high priest (Orc:2)
  Urug (D:15)
  A spriggan berserker (Depths:5)
  A soul eater (Crypt:1)
  6 vampire magi
  23 thrashing horrors (Abyss:3)
  17 hell knights
  2 sun demons (Depths:5)
  A salamander mystic (Depths:2)
  21 wretched stars (Abyss:3)
  27 deep elf knights
  3 shadow wraiths (Abyss:3)
  A fire crab (shapeshifter) (Vaults:1)
  3 titan skeletons
  9 sixfirhies
  3 iron trolls
  6 skeletal warriors
  4 spatial maelstroms (Abyss:3)
  23 deep trolls
  An unseen horror (shapeshifter) (Elf:2)
  A gelid demonspawn (Depths:3)
  4 shadow demons (Abyss:3)
  8 sea snakes
  5 wizards
  4 unseen horrors
  A death drake (shapeshifter) (Elf:3)
  8 flayed ghosts
  The ghost of Ryco the Ducker, a novice TrBe of Trog (D:7)
  A shadow dragon zombie (Depths:4)
  79 starcursed masses (Abyss:3)
  3 golden dragon skeletons
  A giant orange brain (shapeshifter) (Vaults:5)
  3 giant orange brains
  7 phantasmal warriors
  6 hill giants
  13 deep elf archers
  11 ironbrand convokers
  12 necromancers
  A wolf spider zombie (D:15)
  12 orc knights
  50 ugly things
  An iron dragon zombie (Depths:4)
  20 orb spiders
  A human zombie (Vaults:3)
  7 oklob plants
  10 griffons
  18 harpies
  4 cyclopes
  6 orc sorcerers
  3 shining eyes
  84 deep elf magi
  A shadow dragon skeleton (Depths:4)
  15 elephants
  6 hornets
  A shining eye (shapeshifter) (Vaults:5)
  16 fauns
  32 wolf spiders
  8 manticores
  3 worldbinders (Abyss:3)
  A moth of wrath (shapeshifter) (Vaults:1)
  A sphinx skeleton (Depths:4)
  5 salamanders
  Joseph (D:10)
  A tengu skeleton (Depths:4)
  A fire giant skeleton (Crypt:1)
  2 moths of wrath
  8 water nymphs
  12 sirens
  4 rust devils
  2 apocalypse crabs (Abyss:3)
  3 ice statues (IceCv)
  A guardian serpent (Abyss:3)
  5 vault sentinels
  5 orange demons (Abyss:3)
  3 black mambas
  23 spiny frogs
  6 torpor snails
  A black mamba (shapeshifter) (Abyss:3)
  A catoblepas zombie (Crypt:1)
  4 kobold demonologists
  16 smoke demons
  3 eyes of devastation
  A pale draconian zombie (Crypt:1)
  A hellion (Abyss:3)
  6 komodo dragons
  3 gargoyles
  4 efreet
  2 rime drakes
  A spriggan skeleton (Depths:4)
  10 freezing wraiths
  64 yaktaurs
  2 yaktaurs (shapeshifter)
  8 ice devils
  16 demonic crawlers
  2 hellwings (Abyss:3)
  A yellow draconian skeleton (Crypt:1)
  5 tengu conjurers
  A black draconian skeleton (Crypt:1)
  19 two-headed ogres
  17 ancient zymes (Abyss:3)
  4 meliai (Shoals:1)
  A meliai (shapeshifter) (Vaults:1)
  53 jumping spiders
  A wind drake (shapeshifter) (Depths:4)
  A queen bee (Lair:3)
  7 trolls
  A polar bear (Lair:3)
  4 giant leeches (Lair:6)
  A bog body (Crypt:1)
  36 merfolk
  41 raiju (Abyss:3)
  A sphinx simulacrum (Depths:1)
  18 blink frogs
  8 boulder beetles
  4 dream sheep (Shoals:4)
  2 ettin zombies (Vaults:3)
  An alligator skeleton (Abyss:3)
  A hornet zombie (D:14)
  108 slime creatures
  8 snapping turtles
  81 redbacks
  Sigmund (D:6)
  12 air elementals
  4 spriggans
  2 tarantellas (shapeshifter)
  2 flying skulls (Abyss:3)
  An ettin skeleton (Abyss:3)
  A vampire (Abyss:3)
  13 ynoxinuls (Abyss:3)
  34 tarantellas
  2 wyverns
  16 wraiths
  2 shadows
  42 yaks
  2 humans (shapeshifter)
  12 water elementals
  3 basilisks
  A hog (shapeshifter) (D:15)
  8 fire bats
  17 golden eyes
  8 chaos spawn (Abyss:3)
  8 fire elementals
  5 hungry ghosts
  Grum (D:9)
  A golden eye (shapeshifter) (D:13)
  A basilisk (shapeshifter) (Abyss:3)
  A human simulacrum (Vaults:3)
  10 hippogriffs
  44 large abominations
  2 steam dragons
  14 vampire mosquitoes
  16 neqoxecs (Abyss:3)
  Menkaure (D:6)
  A catoblepas simulacrum (Abyss:3)
  A yaktaur simulacrum (Vaults:3)
  12 wargs
  A soldier ant (shapeshifter) (Abyss:3)
  A swamp worm (shapeshifter) (Vaults:5)
  5 insubstantial wisps (Abyss:3)
  22 spatial vortices (Abyss:3)
  7 water moccasins
  A hydra simulacrum (Abyss:3)
  2 soldier ants (D:8)
  A giant eyeball (shapeshifter) (Vaults:4)
  37 small abominations
  5 hell hounds
  6 porcupines
  43 orc warriors
  4 ice beasts
  A black bear (shapeshifter) (Vaults:2)
  51 ogres
  7 eyes of draining
  6 wasps
  2 eyes of draining (shapeshifter)
  A necrophage (Crypt:1)
  3 black bears
  A black mamba simulacrum (Abyss:3)
  2 sky beasts
  A phantom (D:9)
  7 wolves
  7 boggarts
  29 centaurs
  8 crocodiles
  3 big kobolds
  Blork the orc (D:4)
  31 giant frogs
  8 elf zombies
  4 earth elementals
  6 scorpions
  A queen bee zombie (Crypt:1)
  2 tengu zombies
  22 killer bees
  4 electric eels
  19 wights
  5 howler monkeys
  7 crimson imps
  A draconian simulacrum (IceCv)
  A centaur zombie (D:6)
  3 hounds
  9 quasits
  5 iron imps
  3 giant frog skeletons
  A gnoll shaman (D:5)
  4 jellies
  17 orc priests
  5 giant frog zombies
  11 human skeletons (Vaults:4)
  Jessica (D:3)
  8 centaur skeletons
  11 iguanas
  36 orc wizards
  6 lightning spires (Abyss:3)
  2 spriggan simulacra (IceCv)
  4 troll simulacra (IceCv)
  12 worker ants
  A big kobold zombie (Crypt:1)
  2 centaur simulacra (IceCv)
  A worker ant zombie (D:5)
  5 gnolls
  A howler monkey zombie (D:7)
  37 river rats
  14 adders
  An ogre simulacrum (IceCv)
  6 shadow imps
  2 white imps
  3 ufetubi (Abyss:3)
  An ooze (D:4)
  2 adder zombies
  A lava snake zombie (Crypt:1)
  A lava snake skeleton (Crypt:1)
  10 worms
  A dart slug (D:2)
  8 giant geckos
  87 orcs
  2 ball pythons
  A bat (D:1)
  3 giant cockroaches
  9 goblins
  7 hobgoblins
  10 jackals
  28 kobolds
  7 quokkas
  A giant gecko skeleton (D:4)
  7 giant newts
  A quokka skeleton (D:7)
  8 rats
  7 fire vortices
  A fungus (Lair:6)
  2 lurking horrors (Abyss:3)
  9 plants
  7 starspawn tentacles (Abyss:3)
  5 tentacles
2966 creatures vanquished.

Vanquished Creatures (collateral kills)
  Mara (Spider:4)
  A greater mummy (Depths:3)
  Boris (Vaults:3)
  A lich (Abyss:3)
  An acid blob (Slime:1)
  2 tengu reavers
  A thorn hunter (Abyss:3)
  2 vault wardens
  A cacodemon (Abyss:3)
  An ironheart preserver (Vaults:4)
  A very ugly thing (Abyss:3)
  A jiangshi (Crypt:1)
  A vault guard (Vaults:5)
  An ice dragon (Depths:2)
  A tengu warrior (Depths:1)
  An unseen horror (Abyss:3)
  An orc knight (Vaults:5)
  2 ugly things
  2 demonic crawlers
  An anaconda simulacrum (Abyss:3)
  2 yaktaurs
  An ice devil (Abyss:3)
  A troll (Vaults:5)
  4 slime creatures
  7 starcursed masses (Abyss:3)
  A tarantella (Spider:3)
  A giant eyeball (Depths:2)
  An orc warrior (Vaults:5)
  An ogre (Vaults:3)
  A necrophage (Crypt:1)
  A centaur (Vaults:3)
  2 boggarts (Depths:2)
  2 small abominations (Abyss:3)
  A killer bee (Lair:3)
  An orc priest (Vaults:5)
  An orc wizard (Vaults:5)
  A human skeleton (Vaults:4)
  An ufetubus (Abyss:3)
  4 orcs
  A kobold (Abyss:3)
  A fire vortex (Spider:4)
  A fungus (Lair:3)
  A lurking horror (Abyss:3)
62 creatures vanquished.

Vanquished Creatures (others)
  An orc high priest (Orc:2)
  A deep troll (Depths:1)
  A large abomination (Abyss:3)
  A wolf spider (Abyss:3)
  A yaktaur (Depths:2)
  2 redbacks
  A ynoxinul (Abyss:3)
  2 fire bats (Abyss:3)
  A chaos spawn (Abyss:3)
  A spatial vortex (Abyss:3)
  4 small abominations (Abyss:3)
  An eye of draining (Abyss:3)
  2 quasits (Abyss:3)
  517 fire vortices
  7 fungi
  2 lurking horrors (Abyss:3)
  8 plants
  19 starspawn tentacles (Abyss:3)
  8 tentacles (Shoals:3)
580 creatures vanquished.

Grand Total: 3608 creatures vanquished

Notes
Turn   | Place    | Note
-------+----------+-------------------------------------------
     0 | D:1      | RonnieColeman the Deep Elf Conjurer began the quest for the Orb.
     0 | D:1      | Reached XP level 1. HP: 10/10 MP: 6/6
   203 | D:1      | Reached XP level 2. HP: 13/15 MP: 2/8
   984 | D:2      | Reached skill level 5 in Conjurations
   984 | D:2      | Reached XP level 3. HP: 19/19 MP: 0/10
  1596 | D:2      | Found a burning altar of Makhleb.
  1907 | D:3      | Reached XP level 4. HP: 12/24 MP: 1/12
  1917 | D:3      | Learned a level 4 spell: Iskenderun's Mystic Blast
  2457 | D:3      | Reached XP level 5. HP: 28/28 MP: 7/14
  2601 | D:3      | Noticed Jessica
  2603 | D:3      | Killed Jessica
  2603 | D:3      | Reached skill level 5 in Spellcasting
  2933 | D:4      | Reached XP level 6. HP: 19/32 MP: 6/16
  3078 | D:4      | Noticed Blork the orc
  3083 | D:4      | Killed Blork the orc
  3750 | D:5      | Entered Level 5 of the Dungeon
  3760 | D:5      | Learned a level 5 spell: Iskenderun's Battlesphere
  3788 | D:5      | Reached XP level 7. HP: 21/36 MP: 0/18
  4312 | D:5      | Found a glowing silver altar of Zin.
  4313 | D:5      | Found a shimmering altar of Xom.
  4313 | D:5      | Noticed an angel
  4327 | D:5      | Reached skill level 5 in Charms
  4992 | D:5      | You fall through a shaft for 2 floors!
  5084 | D:7      | Reached XP level 8. HP: 36/42 MP: 11/19
  5101 | D:6      | Noticed Menkaure
  5120 | D:6      | Killed Menkaure
  5120 | D:6      | Reached skill level 1 in Fighting
  5279 | D:7      | Noticed Ryco's ghost (novice TrBe)
  5308 | D:7      | Killed Ryco's ghost
  5372 | D:6      | Found a staircase to the Ecumenical Temple.
  5384 | Temple   | Entered the Ecumenical Temple
  5406 | Temple   | Became a worshipper of Vehumet
  5658 | D:6      | Reached XP level 9. HP: 49/49 MP: 5/22
  5663 | D:6      | Noticed Sigmund
  5678 | D:6      | Killed Sigmund
  6178 | D:6      | Found Duzisimm's Antique Weapon Boutique.
  6605 | D:7      | Reached skill level 10 in Charms
  7469 | D:8      | Reached * piety under Vehumet
  7469 | D:8      | Offered knowledge of Flame Tongue by Vehumet.
  7571 | D:8      | Learned a level 1 spell: Flame Tongue
  7588 | D:8      | Reached skill level 1 in Fire Magic
  7729 | D:9      | Reached skill level 2 in Fire Magic
  7842 | D:9      | Noticed Grum
  7855 | D:9      | Killed Grum
  7855 | D:9      | Reached XP level 10. HP: 57/57 MP: 8/25
  7919 | D:9      | Reached skill level 3 in Fire Magic
  8045 | D:9      | Found Yhymonk's Armour Emporium.
  8047 | D:9      | Found a staircase to the Orcish Mines.
  8049 | D:9      | Found Deklenik's Weapon Emporium.
  8189 | D:9      | Reached ** piety under Vehumet
  8191 | D:9      | Noticed a red ugly thing
  8197 | D:9      | Offered knowledge of Shock by Vehumet.
  8197 | D:9      | Reached skill level 4 in Fire Magic
  8243 | D:9      | Reached skill level 10 in Conjurations
  8426 | D:9      | Reached skill level 5 in Fire Magic
  8459 | D:9      | Killed a red ugly thing
  8459 | D:9      | Reached skill level 10 in Spellcasting
  8544 | D:9      | Gained mutation: Your magical capacity is low. (-10% MP) [mutagenic meat]
  8547 | D:9      | Gained mutation: You are resistant to hostile enchantments. (MR+) [mutagenic meat]
  8552 | D:9      | Reached skill level 5 in Fighting
  8590 | D:9      | Gained mutation: You tend to lose your temper in combat. [potion of mutation]
  8590 | D:9      | Gained mutation: Your system is resistant to poisons. (rPois) [potion of mutation]
  8590 | D:9      | Gained mutation: You occasionally shout uncontrollably at your foes. [potion of mutation]
  8591 | D:9      | Lost mutation: You occasionally shout uncontrollably at your foes. [potion of cure mutation]
  8591 | D:9      | Lost mutation: Your magical capacity is low. (-10% MP) [potion of cure mutation]
  8640 | D:9      | Found a staircase to the Lair.
  8770 | Lair:1   | Entered Level 1 of the Lair of Beasts
  8805 | Lair:1   | Noticed a spiny frog
  8809 | Lair:1   | Killed a spiny frog
  8836 | Lair:1   | Reached skill level 6 in Fire Magic
  8868 | Lair:1   | Noticed a spiny frog
  8873 | Lair:1   | Killed a spiny frog
  9076 | Lair:1   | Offered knowledge of Inner Flame by Vehumet.
  9134 | Lair:1   | Noticed a seven-headed hydra
  9146 | Lair:1   | Killed a seven-headed hydra
  9146 | Lair:1   | Reached XP level 11. HP: 64/64 MP: 15/27
  9164 | Lair:1   | Reached skill level 7 in Fire Magic
  9747 | Lair:2   | Reached *** piety under Vehumet
 10103 | Lair:1   | Reached skill level 8 in Fire Magic
 10483 | Lair:2   | Noticed an oklob plant
 10632 | Lair:2   | Killed an oklob plant
 10634 | Lair:2   | Noticed an oklob plant
 10930 | Lair:2   | Killed an oklob plant
 11164 | Lair:2   | Found a staircase to the Shoals.
 11386 | Lair:2   | Got an iridescent quarterstaff
 11413 | Lair:2   | Reached skill level 9 in Fire Magic
 11738 | Lair:2   | Identified the +9 quarterstaff "Afesch Jagag" {crush, rF++ MR+} (You found it on level 2 of the Lair of Beasts)
 11933 | Lair:3   | Offered knowledge of Stone Arrow by Vehumet.
 12305 | Lair:3   | Noticed a four-headed hydra
 12309 | Lair:3   | Killed a four-headed hydra
 12309 | Lair:3   | Reached XP level 12. HP: 71/71 MP: 17/29
 12497 | Lair:3   | Reached skill level 10 in Fire Magic
 12500 | Lair:3   | Reached **** piety under Vehumet
 12669 | Lair:3   | Offered knowledge of Sticky Flame by Vehumet.
 13311 | Lair:4   | Reached ***** piety under Vehumet
 13380 | Lair:4   | Offered knowledge of Throw Icicle by Vehumet.
 13680 | Lair:4   | Found a hole to the Spider Nest.
 13789 | Lair:4   | Reached skill level 11 in Fire Magic
 14840 | Lair:5   | Noticed a five-headed hydra
 14848 | Lair:5   | Killed a five-headed hydra
 14850 | Lair:5   | Noticed a six-headed hydra
 14856 | Lair:5   | Killed a six-headed hydra
 15035 | Lair:5   | Learned a level 6 spell: Bolt of Fire
 15089 | Lair:5   | Reached skill level 12 in Fire Magic
 15139 | Lair:5   | Reached XP level 13. HP: 78/78 MP: 15/32
 15140 | Lair:5   | Found a staircase to the Slime Pits.
 16094 | Lair:5   | Got an ancient mace
 16122 | Lair:5   | Identified the +6 mace "Vaihuoda" {crush, *Contam rN+ MP+9 Str+3 Dex+4} (You found it on level 5 of the Lair of Beasts)
 16124 | Lair:6   | Entered Level 6 of the Lair of Beasts
 16256 | Lair:6   | Reached skill level 1 in Shields
 17170 | Lair:6   | Offered knowledge of Olgreb's Toxic Radiance by Vehumet.
 17175 | Lair:6   | Reached skill level 13 in Fire Magic
 17852 | Lair:1   | Gained mutation: Your flesh is heat resistant. (rF+) [potion of beneficial mutation]
 17919 | Orc:1    | Entered Level 1 of the Orcish Mines
 17937 | Orc:1    | Noticed Harold
 17940 | Orc:1    | Killed Harold
 17992 | Orc:1    | Noticed Erica
 17999 | Orc:1    | Killed Erica
 18007 | Orc:1    | Noticed an orc warlord
 18059 | Orc:1    | Killed an orc warlord
 18771 | Orc:2    | Entered Level 2 of the Orcish Mines
 18774 | Orc:2    | Reached XP level 14. HP: 84/84 MP: 30/34
 18911 | Orc:1    | Found a bloodstained altar of Trog.
 18999 | Orc:2    | Noticed Snorg
 19008 | Orc:2    | Killed Snorg
 19305 | Orc:2    | Noticed an orc warlord
 19312 | Orc:2    | Killed an orc warlord
 19376 | Orc:2    | Reached skill level 15 in Spellcasting
 19390 | Orc:2    | Found a roughly hewn altar of Beogh.
 19605 | Orc:2    | Found Ypreny's General Store.
 19615 | Orc:2    | Found Ecviblaw's Book Boutique.
 19618 | Orc:2    | Found Inniqum's Antique Weapon Boutique.
 19637 | Orc:2    | Found Zokkef's Antique Armour Boutique.
 19646 | Orc:2    | Bought a glowing hat for 64 gold pieces
 19646 | Orc:2    | Bought a runed buckler for 72 gold pieces
 19790 | Orc:2    | Found a staircase to the Elven Halls.
 19949 | Orc:2    | Found a roughly hewn altar of Beogh.
 20131 | Orc:2    | Bought a book of Fire for 975 gold pieces
 20137 | Orc:2    | Learned a level 5 spell: Fireball
 20145 | Orc:2    | Learned a level 7 spell: Delayed Fireball
 20238 | D:10     | Entered Level 10 of the Dungeon
 20600 | D:10     | Noticed Joseph
 20603 | D:10     | Killed Joseph
 20898 | D:11     | Offered knowledge of Bolt of Magma by Vehumet.
 21018 | D:11     | Found a frozen archway.
 21033 | IceCv    | Entered an ice cave
 21379 | IceCv    | Reached skill level 14 in Fire Magic
 21868 | D:11     | Noticed Ryco's ghost (novice MiFi)
 21872 | D:11     | Killed Ryco's ghost
 22260 | D:11     | Got a pair of bloodstained boots
 22271 | D:11     | Identified the cursed -4 pair of boots of Zoec {rC+ Str+3} (You found it on level 11 of the Dungeon)
 23650 | D:13     | Offered knowledge of Bolt of Cold by Vehumet.
 23660 | D:13     | Found a gate to the Vaults.
 23719 | D:13     | Found Cenaem's Weapon Boutique.
 23774 | D:13     | Noticed plsesad's ghost (journeyman FoFi)
 23778 | D:13     | Reached ****** piety under Vehumet
 23955 | D:13     | Killed plsesad's ghost
 23955 | D:13     | Reached XP level 15. HP: 76/91 MP: 37/37
 24291 | D:13     | Found a portal to a secret trove of treasure.
 24791 | D:14     | Noticed Frances
 24795 | D:14     | Killed Frances
 24798 | D:14     | Offered knowledge of Iron Shot by Vehumet.
 25014 | D:14     | Found Ogatef's Assorted Antiques.
 25042 | D:14     | Bought an ivory ring for 130 gold pieces
 25076 | D:14     | Reached skill level 15 in Fire Magic
 25193 | D:14     | Reached skill level 5 in Shields
 25741 | D:15     | Entered Level 15 of the Dungeon
 25756 | D:15     | Noticed Josephine
 25835 | D:15     | Killed Josephine
 26110 | D:15     | Noticed Roxanne
 26152 | D:15     | Noticed Urug
 26267 | D:15     | Killed Urug
 26439 | D:15     | Found a staircase to the Depths.
 26777 | D:15     | Offered knowledge of Conjure Ball Lightning by Vehumet.
 26943 | D:15     | Reached skill level 15 in Conjurations
 27309 | D:15     | Killed Roxanne
 27636 | Spider:1 | Entered Level 1 of the Spider Nest
 27653 | Spider:1 | Reached skill level 10 in Fighting
 28275 | Shoals:1 | Entered Level 1 of the Shoals
 28775 | Shoals:1 | Found a hide-covered altar of Uskayaw.
 28808 | Shoals:1 | Reached XP level 16. HP: 92/97 MP: 38/38
 28946 | Shoals:1 | Reached skill level 16 in Fire Magic
 29514 | Shoals:2 | Noticed Polyphemus
 29518 | Shoals:2 | Killed Polyphemus
 29531 | Shoals:2 | Offered knowledge of Ozocubu's Refrigeration by Vehumet.
 30640 | Shoals:2 | Noticed Donald
 30643 | Shoals:2 | Killed Donald
 30725 | Shoals:3 | Got a bloodstained halberd
 30955 | Shoals:3 | Reached skill level 17 in Fire Magic
 31115 | Shoals:3 | Noticed a kraken
 31380 | Shoals:3 | Killed a kraken
 31623 | Shoals:3 | Identified the +6 halberd of Siamejed {chop, +Rage rElec rF- Int+5} (You found it on level 3 of the Shoals)
 31625 | Shoals:4 | Entered Level 4 of the Shoals
 31631 | Shoals:4 | Noticed Ilsuiw
 31954 | Shoals:4 | Offered knowledge of Fire Storm by Vehumet.
 31954 | Shoals:4 | Offered knowledge of Glaciate by Vehumet.
 31954 | Shoals:4 | Offered knowledge of Chain Lightning by Vehumet.
 31993 | Shoals:3 | Learned a level 9 spell: Fire Storm
 32153 | Shoals:4 | Got a transparent scale mail
 32239 | Shoals:4 | Reached XP level 17. HP: 102/102 MP: 23/40
 32765 | Shoals:4 | Killed Ilsuiw
 33271 | Shoals:4 | Noticed a kraken
 33276 | Shoals:4 | Killed a kraken
 33289 | Shoals:4 | Got a barnacled rune of Zot
 34113 | Shoals:4 | Reached skill level 18 in Fire Magic
 34246 | Shoals:4 | Got a wavering emerald amulet
 34431 | Shoals:4 | Identified the amulet of Roenucam {rF+ Regen+ Int+4 Dex+4} (You found it on level 4 of the Shoals)
 34582 | Lair:1   | Identified the +1 scale mail of Complete Protection {rPois rF+ Int-2 SInv} (You found it on level 4 of the Shoals)
 34728 | Elf:1    | Entered Level 1 of the Elven Halls
 35892 | Elf:1    | Identified the Grimoire of the Escort
 35973 | Elf:1    | Identified Ysheikhli's Collected Works on Stolen Souls
 36451 | Elf:2    | Reached skill level 19 in Fire Magic
 36451 | Elf:2    | Reached XP level 18. HP: 76/107 MP: 38/42
 36881 | Elf:2    | Learned a level 3 spell: Regeneration
 37440 | Elf:2    | Found a huge runed gate.
 37440 | Elf:2    | Found a huge runed gate.
 37440 | Elf:2    | Found a huge runed gate.
 37442 | Elf:2    | Found a huge runed gate.
 37443 | Elf:2    | Found a huge runed gate.
 38366 | Elf:3    | Entered Level 3 of the Elven Halls
 38443 | Elf:3    | Noticed Jorgrun
 38450 | Elf:3    | Killed Jorgrun
 38589 | Elf:3    | Found Gis Noss's Food Shop.
 38895 | Elf:3    | Reached skill level 20 in Fire Magic
 38995 | Elf:3    | Noticed PurpleRed's ghost (journeyman DECj)
 39001 | Elf:3    | Killed PurpleRed's ghost
 39551 | Elf:3    | Reached XP level 19. HP: 109/112 MP: 43/43
 39789 | Elf:3    | Got a slimy bone ring
 39795 | Elf:3    | Got a vibrating bone ring
 39805 | Elf:3    | Got a bloodstained whip {vamp}
 39813 | Elf:3    | Identified the ring "Wesuihoc" {MP+9 Str+3} (You took it off a deep elf annihilator on level 3 of the Elven Halls)
 39815 | Elf:3    | Identified the ring of Xom's Sleight of Hands {Wiz rPois Stlth+} (You took it off a deep elf mage on level 3 of the Elven Halls)
 40004 | Elf:3    | Identified the +4 whip "Jellybane" {vamp, MR+ Int+2 Dex-5} (You took it off a deep elf elementalist on level 3 of the Elven Halls)
 40282 | Elf:3    | Learned a level 2 spell: Sublimation of Blood
 40308 | Elf:3    | Identified the Almanac of Transmutation
 40322 | Elf:3    | Got a brightly glowing hunting sling
 40329 | Elf:3    | Got a slimy hunting sling
 40331 | Elf:3    | Identified the +8 hunting sling of the Unstoppable Suns {flame, -Tele rC+++ Int+4 Stlth+} (You found it on level 3 of the Elven Halls)
 40332 | Elf:3    | Identified the +4 hunting sling "Erazyi" {speed, MR+ Str+5 SInv} (You found it on level 3 of the Elven Halls)
 40664 | Spider:1 | Reached skill level 1 in Necromancy
 41262 | Spider:2 | Reached skill level 5 in Stealth
 41270 | Spider:2 | Noticed Arachne
 41537 | Spider:2 | Noticed Azrael
 41680 | Spider:2 | Noticed Asterion
 41681 | Spider:2 | Reached skill level 21 in Fire Magic
 41685 | Spider:2 | Killed Azrael
 41686 | Spider:2 | Killed Asterion
 41955 | Spider:2 | Killed Arachne
 41955 | Spider:2 | Reached skill level 5 in Necromancy
 42988 | Spider:4 | Entered Level 4 of the Spider Nest
 43180 | Spider:4 | Noticed Mara
 43184 | Spider:4 | Killed Mara
 43326 | Spider:4 | Reached XP level 20. HP: 119/119 MP: 45/45
 43438 | Spider:4 | Noticed Louise
 43439 | Spider:4 | Killed Louise
 44092 | Spider:4 | Got a gossamer rune of Zot
 44768 | Vaults:1 | Entered Level 1 of the Vaults
 45146 | Vaults:1 | Got a smoking arbalest
 45333 | Vaults:1 | Reached skill level 10 in Necromancy
 45418 | Vaults:1 | Reached skill level 10 in Stealth
 45849 | Vaults:1 | Identified a scroll of acquirement
 45930 | Vaults:1 | Got a faintly glowing buckler
 45941 | Vaults:1 | Identified the +0 buckler of Midnight {rF- Str+7} (You acquired it on level 1 of the Vaults)
 45982 | Vaults:2 | Found a bloodstained altar of Trog.
 46397 | Vaults:2 | Reached XP level 21. HP: 124/124 MP: 47/47
 46602 | Vaults:2 | Found Dauz's Antique Armour Boutique.
 46610 | Vaults:2 | Bought a warped chain mail for 256 gold pieces
 47007 | Vaults:2 | Found a staircase to the Crypt.
 47314 | Vaults:3 | Reached skill level 5 in Dodging
 47869 | Vaults:3 | Noticed Mennas
 47871 | Vaults:3 | Killed Mennas
 47919 | Vaults:3 | Noticed Boris
 47921 | Vaults:3 | Killed Boris
 48004 | Vaults:3 | Identified the cursed +0 chain mail of Laxtyiba {rN++} (You bought it in a shop on level 2 of the Vaults)
 48402 | Vaults:4 | Noticed Sojobo
 48404 | Vaults:4 | Killed Sojobo
 48909 | Vaults:4 | Reached XP level 22. HP: 118/132 MP: 21/49
 49080 | Vaults:4 | Noticed Boris
 49090 | Vaults:4 | Killed Boris
 49532 | Vaults:4 | Learned a level 8 spell: Necromutation
 49584 | Vaults:5 | Entered Level 5 of the Vaults
 49589 | Vaults:5 | Reached skill level 1 in Transmutations
 49604 | Vaults:5 | Noticed a golden dragon
 49610 | Vaults:5 | Killed a golden dragon
 49769 | Vaults:5 | Noticed an ancient lich
 49769 | Vaults:5 | Reached skill level 22 in Fire Magic
 49774 | Vaults:5 | Killed an ancient lich
 49980 | Vaults:5 | Noticed a golden dragon
 49986 | Vaults:5 | Killed a golden dragon
 50080 | Vaults:5 | Got a silver rune of Zot
 50083 | Vaults:5 | Got a shimmering long sword
 50083 | Vaults:5 | Got a warped scythe
 50084 | Vaults:5 | Identified the +8 scythe of Dismemberment {venom, *Rage MR+ Str+4 Dex+4} (You found it on level 5 of the Vaults)
 50085 | Vaults:5 | Identified the +7 long sword of Dawn {elec, *Rage Str+5 Int+5} (You found it on level 5 of the Vaults)
 50108 | Vaults:5 | Got a scorched ring mail
 50335 | Vaults:5 | Noticed an ancient lich
 50337 | Vaults:5 | Killed an ancient lich
 50347 | Vaults:5 | Reached XP level 23. HP: 101/137 MP: 37/51
 50670 | Vaults:5 | Identified the cursed +1 ring mail "Onubeopu" {+Fly rElec Str-5 SInv} (You found it on level 5 of the Vaults)
 50932 | Vaults:5 | Noticed an ancient lich
 50935 | Vaults:5 | Killed an ancient lich
 51136 | Vaults:5 | Reached skill level 5 in Transmutations
 51177 | Vaults:5 | Got a scorched ring mail
 51199 | Vaults:5 | Got a twitching marble ring
 51213 | Vaults:5 | Identified the +4 ring mail of the Trees {rPois rC- rN++ Int+5} (You found it on level 5 of the Vaults)
 51216 | Vaults:5 | Identified the ring of Apeyng {rC+ Str+6} (You found it on level 5 of the Vaults)
 51555 | Lair:1   | Identified the cursed +1 arbalest of the Tundras {elec, +Fly rElec} (You found it on level 1 of the Vaults)
 51600 | Lair:1   | Gained mutation: Your body sometimes deteriorates upon taking damage. [mutagenic glow]
 51609 | Lair:1   | Lost mutation: Your body sometimes deteriorates upon taking damage. [potion of cure mutation]
 51609 | Lair:1   | Lost mutation: You tend to lose your temper in combat. [potion of cure mutation]
 51609 | Lair:1   | Lost mutation: Your system is resistant to poisons. (rPois) [potion of cure mutation]
 51624 | Lair:1   | Reached skill level 15 in Stealth
 51856 | Depths:1 | Entered Level 1 of the Depths
 51876 | Depths:1 | Reached skill level 1 in Armour
 52152 | Depths:1 | Found a one-way gate leading to the halls of Pandemonium.
 52154 | Depths:1 | Found a gateway to Hell.
 52244 | Depths:1 | Found a basalt altar of Yredelemnul.
 52359 | Depths:1 | Found a one-way gate to the infinite horrors of the Abyss.
 52415 | Depths:1 | Found a white marble altar of Elyvilon.
 52572 | Depths:2 | Noticed the Enchantress
 52572 | Depths:2 | Reached skill level 15 in Necromancy
 52573 | Depths:2 | Killed the Enchantress
 52706 | Depths:2 | Noticed Nikola
 52709 | Depths:2 | Killed Nikola
 52710 | Depths:2 | Found a gateway to a ziggurat.
 52833 | Depths:2 | Found a large runed door.
 52842 | Depths:2 | Noticed a caustic shrike
 52844 | Depths:2 | Found a large runed door.
 52845 | Depths:2 | Found a large runed door.
 52849 | Depths:2 | Found a large runed door.
 52850 | Depths:2 | Found a large runed door.
 52850 | Depths:2 | Found a large runed door.
 52921 | Depths:2 | Reached skill level 10 in Dodging
 52923 | Depths:2 | Reached XP level 24. HP: 141/144 MP: 34/51
 53223 | Depths:2 | Got a faerie dragon armour
 53234 | Depths:2 | Identified the +1 faerie dragon armour {Dex+5} (You took it off the Enchantress on level 2 of the Depths)
 53256 | Depths:2 | Found a large runed door.
 53294 | Depths:2 | Found Xolagruje's Gadget Shoppe.
 53421 | Depths:2 | Found a large runed door.
 53667 | Depths:3 | Noticed Bai Suzhen
 53669 | Depths:3 | Killed Bai Suzhen
 53829 | Depths:3 | Found Moubb's Pet Rocks.
 54523 | Depths:3 | Noticed a greater mummy
 54526 | Depths:3 | Killed a greater mummy
 54535 | Depths:3 | Noticed a greater mummy
 54540 | Depths:3 | Killed a greater mummy
 54618 | Depths:3 | Noticed a greater mummy
 54620 | Depths:3 | Killed a greater mummy
 54869 | Depths:4 | Reached skill level 23 in Fire Magic
 55006 | Depths:4 | Reached skill level 5 in Armour
 56036 | Depths:5 | Entered Level 5 of the Depths
 56070 | Depths:5 | Reached XP level 25. HP: 118/148 MP: 21/51
 56258 | Depths:5 | Reached skill level 10 in Transmutations
 56520 | Depths:5 | Found a gate to the Realm of Zot.
 56829 | Depths:4 | Got a brightly glowing hunting sling
 57231 | Lair:1   | Identified the +3 hunting sling of Xibystr Gakk {flame, rElec rN++ Str+2 Int-2} (You found it on level 4 of the Depths)
 57347 | Slime:1  | Entered Level 1 of the Pits of Slime
 57802 | Slime:2  | Found a viscous altar of Jiyva.
 58589 | Slime:5  | Entered Level 5 of the Pits of Slime
 58870 | Slime:5  | Noticed the Royal Jelly
 58874 | Slime:5  | Killed the Royal Jelly
 58946 | Slime:5  | Got a translucent great mace
 58959 | Slime:5  | Identified the Papyrus of Enchanting Combat Magic
 59007 | Slime:5  | Got an iridescent hand crossbow
 59032 | Slime:5  | Got a slimy rune of Zot
 59092 | Slime:5  | Got a scorched turquoise ring
 59104 | Slime:5  | Identified the ring of Iseros {rElec rF+ MR+} (You found it on level 5 of the Pits of Slime)
 59111 | Slime:5  | Got a faintly glowing whip
 59112 | Slime:5  | Identified the +8 whip "Hell-Harrower" {slash, rPois Int+6} (You found it on level 5 of the Pits of Slime)
 59113 | Slime:5  | Identified the cursed +3 great mace "Peatugg" {drain, +Fly rN+ Str+2} (You found it on level 5 of the Pits of Slime)
 59114 | Slime:5  | Identified the cursed +2 hand crossbow of Outrage {flame, rElec} (You found it on level 5 of the Pits of Slime)
 59552 | Lair:1   | Upgraded the game from 0.19-a0-1456-gc747e27 to 0.19-a0-1462-g5650605
 59564 | Lair:1   | Learned a level 6 spell: Iron Shot
 59817 | Depths:1 | Voluntarily entered the Abyss.
 60262 | Abyss:3  | Reached XP level 26. HP: 151/154 MP: 35/52
 60733 | Abyss:3  | Gained mutation: Armour fits poorly on your strangely shaped body. [a neqoxec]
 60871 | Abyss:3  | Reached skill level 10 in Armour
 61077 | Abyss:3  | Upgraded the game from 0.19-a0-1462-g5650605 to 0.19-a0-1468-ge013c26
 61107 | Abyss:3  | Gained mutation: You are occasionally teleported next to monsters. [a neqoxec]
 61244 | Abyss:3  | Reached skill level 24 in Fire Magic
 61531 | Abyss:3  | Got a translucent flail
 61751 | Abyss:3  | Gained mutation: You are weak. (Str -2) [a neqoxec]
 61844 | Abyss:3  | Noticed an ancient lich
 61851 | Abyss:3  | Killed an ancient lich
 62059 | Abyss:3  | Found a corrupted altar of Lugonu.
 62986 | Abyss:3  | Reached XP level 27. HP: 157/159 MP: 42/53
 63395 | Abyss:3  | Reached skill level 25 in Fire Magic
 63653 | Abyss:3  | Got an abyssal rune of Zot
 63787 | Abyss:3  | Identified the Catalogue of Earth
 63797 | Abyss:3  | Identified Jidarish's Papyrus of the Arsonist
 63800 | Abyss:3  | Identified the Reference Book on Darkness
 63804 | Abyss:3  | Identified the Compendium of Flames
 63806 | Abyss:3  | Identified the Tome of the Compass
 63821 | Abyss:3  | Identified Buir's Compendium of Lethal Augmentations
 63829 | Abyss:3  | Identified Kikubaaqudgha's Collected Works on Evil Rituals
 63838 | Abyss:3  | Identified the Guide on Arcane Weapons
 63859 | Depths:1 | Escaped the Abyss
 63860 | Depths:1 | Lost mutation: Armour fits poorly on your strangely shaped body. [potion of cure mutation]
 63860 | Depths:1 | Lost mutation: You are occasionally teleported next to monsters. [potion of cure mutation]
 63883 | Depths:1 | Identified the +1 flail of Income {antimagic, MR+ MP+9} (You found it on level 3 of the Abyss)
 64132 | Lair:1   | Learned a level 2 spell: Repel Missiles
 64351 | Crypt:1  | Entered Level 1 of the Crypt
 64818 | Crypt:1  | HP: 8/160 [??? (3)]
 64823 | Crypt:1  | HP: 4/160 [soul eater (10)]
 64824 | Crypt:1  | Slain by a soul eater

Vault maps used:
D:1:      dpeg_arrival_solitude, kennysheep_boxes
D:2:      lemuel_doored_altar, kennysheep_small_spiral,
          minmay_misc_feat_diagonals
D:3:      uniq_jessica
D:4:      uniq_blork_the_orc
D:5:      grunt_temple_overflow_order_and_chaos_1, first_bread,
          guppyfry_early_lair_pool
D:6:      serial_shops, nicolae_shop_behind_doors, uniq_menkaure, uniq_sigmund
D:8:      hangedman_pestilent_swarm
D:9:      erik_lair_orcish_takeover, orc_david_3, st_stairs_13, kb_rosetta,
          uniq_grum
D:10:     uniq_joseph
D:11:     portal_ice_cave_entry_pillars_1, minmay_fire_ice_demons
D:13:     david_vaults_5, serial_shops, nicolae_shop_behind_doors,
          enter_trove_2, amethyst_killhole
D:14:     serial_shops, shop, grunt_decor_fettered, uniq_frances
D:15:     grunt_enter_depths_snipers, minivault_11, uniq_urug, uniq_josephine,
          uniq_roxanne
Temple:   regret_index_temple_mists
Lair:1:   infiniplex_staircase_pool_2
Lair:2:   shoals_dummy_entry, disabler_island
Lair:3:   special_room, serial_bayou_shore_a
Lair:4:   dpeg_oklob_shooting_range, nicolae_spider_entry_non_spiders,
          minivault_26, grunt_megastairs_5, serial_bayou_shore_b
Lair:5:   minmay_slime_entry_oklob_open, wad_woods_river_01
Lair:6:   minmay_lair_end_frog_pond
Shoals:1: regret_index_shoals_crete
Shoals:2: st_sunken_huts, uniq_donald, uniq_polyphemus
Shoals:4: shoals_end_hangedman, shoals_ilsuiw_ice
Spider:1: nicolae_spider_mines_1
Spider:2: uniq_arachne, uniq_asterion, uniq_azrael
Spider:3: nicolae_spider_shape
Spider:4: johnstein_spider_rune_arachne_lair, spiders_nest_spider_trap,
          uniq_mara, uniq_louise
Slime:2:  basic_altar
Slime:4:  cheibrodos_slime_lost_civilization_4
Orc:1:    nicolae_orc_damp_corner, trog_hazing_becter, uniq_erica, uniq_harold
Orc:2:    grunt_orc_cross, basic_altar, uniq_snorg
Elf:1:    minmay_elf_arrival_summoners, minmay_elf_necromancy,
          minmay_elf_demonology
Elf:2:    serial_glass, glass_columns_c, glass_columns_a
Elf:3:    minmay_elf_hall_curves, serial_shops, shop, hangedman_elven_ridges,
          uniq_jorgrun
Vaults:1: hangedman_vaults_restitches, nicolae_vaults_murderbox,
          ontoclasm_vaults_eye, hangedman_vaults_stream,
          vaults_room_ringed_pool, hangedman_vaults_impose,
          hangedman_vaults_snaps, nicolae_vaults_what_the_h,
          vaults_dpeg_diagonal
Vaults:2: vaults_room_grunt_arrival_checkpoint, nicolae_vaults_big_ls,
          minmay_crypt_entry_nasty_monster, ontoclasm_vaults_loading_screen,
          v_misc_32, vaults_mumra_chevron_long, vaults_room_octagon,
          basic_altar, serial_shops, shop_statue
Vaults:3: ontoclasm_vaults_misaligned, vaults_room_fancy_cross, v_misc_28,
          v_misc_3, ontoclasm_vaults_ligature, v_pattern_5, vaults_room_corners,
          v_misc_5, nicolae_vaults_puzzle_piece, vaults_room_stairs_pillars,
          vaults_mumra_chevron, v_misc_8, uniq_mennas, uniq_boris
Vaults:4: dpeg_vaults_monster_row, nicolae_vaults_network_periphery,
          hangedman_vaults_slice, vaults_room_door_hall, v_misc_15,
          st_more_cells, nicolae_vaults_diagonal_hallway_8,
          vaults_standard_mumra_lines, hangedman_vaults_trim, uniq_sojobo,
          uniq_boris
Crypt:1:  evilmike_wizard_prison, st_stairs_11, roderic_lattice_octagonal_star
Depths:1: hell_entry, abyss_entry, serial_sigils_hangedman_scratch, pan_entry,
          hangedman_feature_mirror, kennysheep_decorative_pillar,
          hangedman_decor_clover_reticule, abandoned_shop,
          kennysheep_generic_room_9
Depths:2: minmay_five_octagons, enter_ziggurat_d, serial_shops,
          nicolae_shop_statue_plus, pf_coc_iceberg, roderic_lattice_a,
          kennysheep_generic_room_8, uniq_nikola, uniq_enchantress
Depths:3: minmay_guarded_unrand_sceptre_of_torment, rand_demon_pan_entry_8,
          grunt_decor_arrowhead, grunt_hell_entry_dis_mu, guppyfry_shop_earth,
          infiniplex_staircase_squiggle, uniq_bai_suzhen
Depths:4: minmay_chopped_fan, hell_entry, abyss_entry,
          hangedman_abyss_or_decor_jellyfish_corner, minmay_misc_feat_rows,
          nrook_mini_vaults, minmay_guarded_unrand_zonguldrok
Depths:5: grunt_zot_entry_pinwheel, serial_glass, glass_columns_a,
          glass_columns_a, lightli_too_deep
IceCv:    ice_cave_tombish

Skill      XL: |  1  2  3  4  5  6  7  8  9 10 11 12 13 14 15 16 17 18 19 20 21 22 23 24 25 26 27 |
---------------+----------------------------------------------------------------------------------+-----
Conjurations   | 5 6 7 8 9 10 11 12 13 14 15 17 18 20 21 22 | 22.5
Spellcasting   | 4 5 6 7 9 10 11 13 14 16 17 18 19 20 21 22 23 24 | 24.5
Charms         | 2 7 9 11 | 11.4
Fighting       | 2 4 5 6 7 8 9 10 11 12 13 | 13.0
Fire Magic     | 2 6 9 12 13 14 15 17 19 20 21 22 23 24 25 | 25.4
Shields        | 3 4 5 |  5.0
Stealth        | 7 10 13 14 15 17 | 17.6
Necromancy     | 6 10 12 14 15 16 19 | 19.9
Dodging        | 4 7 8 10 | 10.9
Transmutations | 4 6 9 13 | 13.0
Armour         | 3 6 9 10 11 | 11.4

Action                   |  1- 3 |  4- 6 |  7- 9 | 10-12 | 13-15 | 16-18 | 19-21 | 22-24 | 25-27 || total
-------------------------+-------+-------+-------+-------+-------+-------+-------+-------+-------++-------
Melee: Dagger            |     1 |       |       |       |       |       |       |       |       ||     1
       Long sword        |     5 |    15 |    29 |       |       |       |       |     5 |    84 ||   138
       Trident           |       |       |     9 |    32 |     8 |       |       |       |       ||    49
       Mace              |       |       |       |       |    15 |     9 |     2 |       |       ||    26
 Cast: Magic Dart        |    76 |    59 |   101 |   251 |   192 |    70 |    28 |       |       ||   777
       Iskenderun's Myst |       |    26 |    96 |   213 |   375 |   355 |   259 |   177 |   170 ||  1671
       Iskenderun's Batt |       |       |    16 |    64 |   101 |    98 |    75 |    49 |    17 ||   420
       Bolt of Fire      |       |       |       |       |   166 |   165 |   228 |   184 |    76 ||   819
       Fireball          |       |       |       |       |    35 |    29 |    29 |     5 |    31 ||   129
       Delayed Fireball  |       |       |       |       |    12 |    17 |    20 |     5 |     8 ||    62
       Fire Storm        |       |       |       |       |       |     2 |    94 |   175 |   188 ||   459
       Sublimation of Bl |       |       |       |       |       |       |    92 |    84 |   137 ||   313
       Regeneration      |       |       |       |       |       |       |    39 |    45 |    73 ||   157
       Iron Shot         |       |       |       |       |       |       |       |       |   396 ||   396
       Necromutation     |       |       |       |       |       |       |       |       |    30 ||    30
       Repel Missiles    |       |       |       |       |       |       |       |       |     1 ||     1
 Abil: Release Delayed F |       |       |       |       |    12 |    17 |    19 |     5 |     9 ||    62
       End Transformatio |       |       |       |       |       |       |       |       |    15 ||    15
Evoke: Wand              |       |       |       |       |       |     1 |       |       |     5 ||     6
  Use: Scroll            |       |    12 |       |    12 |    15 |     9 |    13 |     7 |    13 ||    81
       Potion            |       |       |     1 |     2 |     6 |     4 |     3 |     4 |    16 ||    36
 Stab: Sleeping          |       |     1 |       |       |     1 |       |       |       |       ||     2
       Distracted        |       |       |       |       |       |       |     1 |       |       ||     1
  Eat: Chunk             |     2 |     9 |    18 |    32 |    50 |    29 |    57 |    35 |    22 ||   254
       Pizza             |       |       |     1 |       |       |       |     2 |       |     2 ||     5
       Meat ration       |       |       |     1 |       |       |     1 |       |       |       ||     2
       Beef jerky        |       |       |       |       |     2 |       |     2 |     1 |     4 ||     9
Armor: Robe              |       |     2 |    11 |    46 |    15 |    20 |    32 |     3 |       ||   129
       Ring mail         |       |       |       |       |       |       |       |    24 |   104 ||   128
Dodge: Dodged            |     8 |    17 |    70 |    91 |    77 |    72 |    57 |    77 |   214 ||   683
Block: Buckler           |       |       |       |       |    28 |    62 |    44 |    25 |    98 ||   257
       Reflection        |       |       |       |       |       |       |       |     1 |       ||     1
